 Dungeon Crawl Stone Soup version 0.30-a0-381-g6ea064c7b4 (webtiles) character file.

Game seed: 4172008569135155812

103 qeuew the Digger (level 4, -2/33 HPs)
             Began as a Draconian Earth Elementalist on Dec 1, 2022.
             Slain by a goblin
             ... wielding a +0 club
             ... led by Robin
              (4 damage)
             ... on level 1 of the Dungeon.
             The game lasted 00:02:52 (1690 turns).

qeuew the Digger (Draconian Earth Elementalist)     Turns: 1690, Time: 00:02:52

Health: -2/33      AC:  0    Str: 10      XL:     4   Next: 51%
Magic:  7/7        EV: 19    Int: 14 (15) God:
Gold:   70         SH:  0    Dex: 19      Spells: 4/8 levels left

rFire   . . .      SeeInvis .    (weapon currently unavailable)
rCold   . . .      Faith    .    (shield currently unavailable)
rNeg    . . .      Spirit   .    (body armour unavailable)
rPois   .          Reflect  .    (helmet currently unavailable)
rElec   .          Harm     .    (cloak currently unavailable)
rCorr   .          Rampage  .    (gloves currently unavailable)
Will    .....                    (boots currently unavailable)
Stlth   ++........               (no amulet)
HPRegen 0.25/turn                (ring currently unavailable)
MPRegen 0.10/turn                (ring currently unavailable)

@: bat-form, flying, very quick
A: fast, flying, no casting, AC +5, tiny, unfitting armour, (cold-blooded)
a: no special abilities


You were on level 1 of the Dungeon.
You were a bat.
You visited 1 branch of the dungeon, and saw 2 of its levels.

You collected 70 gold pieces.

Inventory:

Hand Weapons
 g - a +0 dagger (melded)
Armour
 c - an orb of energy (melded)
Scrolls
 d - 3 scrolls of identify


   Skills:
 + Level 1.0 Short Blades
 + Level 2.0 Dodging
 * Level 2.6 Stealth
 * Level 2.5 Spellcasting
 + Level 0.1 Conjurations
 + Level 1.5 Transmutations
 * Level 3.6 Earth Magic
 * Level 1.1 Evocations


You had 4 spell levels left.
You knew the following spells:

 Your Spells              Type           Power      Damage    Failure   Level
a - Sandblast             Erth           22%        2d7       4%          1
b - Stone Arrow           Conj/Erth      14%        3d7       30%         3

Your spell library contained the following spells:

 Spells                   Type           Power      Damage    Failure   Level
 Passwall                 Tmut/Erth      7%         N/A       12%         2
 Petrify                  Tmut/Erth      9%         N/A       61%         4


Dungeon Overview and Level Annotations

Branches:
Dungeon (2/15)

Altars:

Shops:
D:2 :

Annotations:
D:1 Robin


Innate Abilities, Weirdness & Mutations

You are a bat.
You are tiny and dextrous.
You move quickly.
You are flying.
Your equipment is almost entirely melded.
You are incapable of wielding weapons or throwing items.
You cannot cast spells.
((Your plain brown scales are hard. (AC +5)))
You cannot fit into any form of body armour.
((You are cold-blooded and may be slowed by cold attacks.))


Message History

The ball python closely misses you. The hobgoblin closely misses you.
The hobgoblin barely misses you.
Aiming: Sandblast (safe; 5% risk of failure)
Press: ? - help, Q - select action Shift-Dir - straight line, f - ball python
Aim: a ball python (80% to hit)
The blast of sand hits the ball python!
You kill the ball python!
The hobgoblin hits you but does no damage.
The hobgoblin hits you. The hobgoblin barely misses you.
Aiming: Sandblast (safe; 5% risk of failure)
Press: ? - help, Q - select action Shift-Dir - straight line, f - hobgoblin
Aim: a hobgoblin (strong, 82% to hit)
The blast of sand hits the hobgoblin.
The hobgoblin is severely wounded.
The goblin hits you with a +0 club. The hobgoblin closely misses you.
The hobgoblin hits you but does no damage.
Aiming: Sandblast (safe; 5% risk of failure)
Press: ? - help, Q - select action Shift-Dir - straight line, f/p - hobgoblin
Aim: a hobgoblin (severely wounded, strong, 82% to hit)
The blast of sand hits the hobgoblin.
You kill the hobgoblin!
Robin throws the goblin at you! The goblin barely misses you.
The hobgoblin hits you.
* * * LOW HITPOINT WARNING * * *
Robin zaps a wand.
You resist with some effort. The goblin closely misses you.
The hobgoblin closely misses you. Magic courses through your body.
The goblin misses you. The hobgoblin closely misses you.
Robin zaps a wand.
You turn into a bat.
Your +0 dagger melds into your body.
Your orb of energy melds into your body.
You can't do that in your present form.
You hit Robin but do no damage.
Robin is heavily wounded.
The goblin completely misses you. The hobgoblin hits you.
* * * LOW HITPOINT WARNING * * *
Unknown command.
You hit Robin but do no damage.
Robin is heavily wounded.
The goblin hits you with a +0 club.
You die...

#.# ##.....#
#....##.#####
#.# #.###.#
###.....# #.#
#..##.# #.#####
#.# ##.##.#
#.##### #.#
#..#.## #.....#
..# ##.#..##
#####.# ###
#.##..# #.#
#.###g#######.#
#...gbg.......#
###############
# # # #


You could see Robin (fast), a hobgoblin (strong) and a goblin (strong).

Vanquished Creatures
  Jessica (D:2)
  3 adders (D:2)
  7 endoplasms
  A giant cockroach (D:1)
  6 goblins
  4 hobgoblins
  3 jackals (D:2)
  6 kobolds
  2 quokkas
  3 ball pythons
  4 bats
  3 frilled lizards (D:1)
  4 rats (D:1)
47 creatures vanquished.

Notes
Turn   | Place    | Note
-------+----------+-------------------------------------------
     0 | D:1      | qeuew the Draconian Earth Elementalist began the quest for
                  | the Orb.
     0 | D:1      | Reached XP level 1. HP: 14/14 MP: 3/3
   308 | D:1      | Reached XP level 2. HP: 20/20 MP: 3/5
   926 | D:1      | Found a faded altar of an unknown god.
  1072 | D:2      | Noticed Jessica
  1076 | D:2      | Killed Jessica
  1077 | D:2      | Reached XP level 3. HP: 26/26 MP: 4/6
  1081 | D:2      | Learned a level 3 spell: Stone Arrow
  1159 | D:2      | Reached XP level 4. HP: 33/33 MP: 4/7
  1205 | D:2      | Reached skill level 1 in Evocations
  1387 | D:2      | Found Buevafukk's Book Boutique.
  1662 | D:2      | Noticed Robin
  1672 | D:2      | Reached skill level 1 in Short Blades
  1689 | D:1      | HP: 1/33 [hobgoblin[Robin] (3)]
  1690 | D:1      | Slain by a goblin

Illustrated notes

Levels and vault maps discovered:
D:1:      sevenhm_arrival_forest_fort_large_2, layout_basic,
          shapermc_ecumenical_altar_mp_vishouse
D:2:      layout_rooms, serial_shops,
          nicolae_shop_temple_entry_statues_fountains, serial_aquarium,
          aquarium_bridge_long_joined [aquarium_subvault_window,
          aquarium_subvault_window, aquarium_subvault_bridge,
          aquarium_subvault_bridge, aquarium_subvault_bridge,
          aquarium_subvault_wall], aquarium_window_fake, aquarium_window_1,
          aquarium_view_2d, aquarium_view_2f, st_stairs_3, uniq_robin,
          uniq_jessica

Skill      XL: |  1  2  3  4 |
---------------+-------------+-----
Stealth        | 2 |  2.6
Dodging        | 2 |  2.0
Evocations     | 1 |  1.1
Short Blades   | 1 |  1.0
Spellcasting   | |  2.5
Conjurations   | |  0.1
Transmutations | |  1.5
Earth Magic    | |  3.6

Action                   |  1- 3 |  4- 6 || total
-------------------------+-------+-------++-------
Melee: Dagger            |     4 |    16 ||    20
       Unarmed           |     3 |     2 ||     5
       Tailslap          |       |     2 ||     2
 Cast: Sandblast         |    36 |    24 ||    60
  Use: Potion            |     2 |     2 ||     4
       Scroll            |     2 |       ||     2
Armor: Skin              |     3 |    22 ||    25
Dodge: Dodged            |    11 |    45 ||    56

Table legend: (Time is in decaauts)
 A = Elapsed time spent in this place.
 B = Non-inter-level travel time spent in this place.
 C = Inter-level travel time spent in this place.
 D = Time resting spent in this place.
 E = Time spent auto-exploring this place.
 F = Levels seen in this place.
 G = Mean time per level.
                   A        B        C        D        E       F      G
               +--------+--------+--------+--------+--------+-----+--------+
         Total |   1720 |   1703 |     17 |      0 |   1453 |   2 |  860.0 |
       Dungeon |   1720 |   1703 |     17 |      0 |   1453 |   2 |  860.0 |
               +--------+--------+--------+--------+--------+-----+--------+

Top non-repeatable levels by time:
     D:1: 971 daAuts
     D:2: 748 daAuts
